Map: Orbital Shipyard

Players

Eternity

  • Race: Terran Terran
  • League: Gold

MadaRa - Winner!

  • Race: Protoss Protoss
  • League: Gold

VOD

Have the link to the VOD?

Description

Time

  • Played on: Sept. 19, 2015, 11:16 a.m.
  • Length: 4:10
Show
View Real Time Build Order
Export as new Build Order

Eternity Terran 

Build Orders: Reaper Expand 

Get SALT Encoding   

  12  0:01  SCV  
  13  0:13  SCV  
  14  0:18  Supply Depot  
  14  0:25  SCV  
  15  0:42  Refinery  
  15  0:45  Barracks  
  15  0:49  SCV  
  16  1:01  SCV  
  17  1:13  SCV  
  18  1:25  SCV  
  19  1:32  Reaper  
  20  1:34  Supply Depot  
  20  1:38  Orbital Command  
  20  1:56  Command Center  
  20  2:05  Barracks Reactor  
  20  2:11  SCV  
  21  2:24  SCV  
  22  2:36  SCV  
  23  2:43  Barracks  
  23  2:44  Marine  
  24  2:45  Barracks  
  24  2:46  Marine  
  24  2:48  SCV  
  26  3:00  SCV  
  26  3:01  Marine  
  26  3:04  Marine  
  28  3:10  SCV  
  28  3:12  Bunker  
  28  3:26  Marine x2  
  30  3:29  Bunker  
  30  3:31  Marine  
  30  3:33  Supply Depot x2  
  29  3:41  Marine  
  29  3:45  Marine x2  
  29  3:47  SCV  
  32  3:57  SCV  
Show
View Real Time Build Order
Export as new Build Order

MadaRa Protoss - Winner!

Build Orders:  

Get SALT Encoding   

  12  0:00  Probe (Chrono Boost)  
  13  0:10  Probe (Chrono Boost)  
  14  0:18  Pylon  
  14  0:22  Probe (Chrono Boost)  
  15  0:36  Probe (Chrono Boost)  
  15  0:37  Gateway  
  16  0:53  Probe (Chrono Boost)  
  17  0:58  Gateway  
  17  1:02  Assimilator  
  17  1:03  Probe (Chrono Boost)  
  18  1:11  Assimilator  
  18  1:13  Probe (Chrono Boost)  
  19  1:23  Pylon  
  19  1:27  Cybernetics Core  
  19  1:29  Probe (Chrono Boost)  
  20  1:38  Probe (Chrono Boost)  
  21  1:41  Pylon  
  21  1:49  Probe (Chrono Boost)  
  22  2:03  Mothership Core (Chrono Boost)  
  22  2:05  Adept  
  26  2:08  Adept  
  27  2:21  Warp Gate (Chrono Boost)  
  27  2:22  Probe (Chrono Boost)  
  28  2:34  Adept (Chrono Boost)  
  28  2:35  Adept (Chrono Boost)  
  32  2:38  Pylon  
  31  3:03  Gateway  
  31  3:10  Pylon  
  31  3:13  Pylon  
  31  3:36  Gateway  
  31  3:39  Pylon  
  31  3:57  Pylon  
  31  3:59  Pylon  
  31  4:00  Pylon  
Tags
 
Add a new tag
Caveats
  • Supply blocks, unpowered buildings, or Contaminate may cause inaccurate times.
  • Supply counts are checked every 10 seconds.